 Dungeon Sprint DCSS version 0.28.0-43-g3370ac3207 (webtiles) character file.

Game seed: 3606118621239391395

558 boopmooplesden the Severer (level 8, -1/86 HPs)
             Began as a Minotaur Berserker on Mar 17, 2022.
             Was a High Priest of Trog.
             Slain by an anaconda (6 damage)
             ... in the Dungeon (Sprint VI: "Thunderdome").
             The game lasted 00:04:06 (983 turns).

boopmooplesden the Severer (Minotaur Berserker)      Turns: 983, Time: 00:04:06

Health: -1/86      AC:  5    Str: 28    XL:     8   Next: 79%
Magic:  2/2        EV: 17    Int: 15    God:    Trog [*****.]
Gold:   161        SH:  0    Dex: 13    Spells: 7/7 levels left

rFire   + . .      SeeInvis .   s - +5 broad axe (antimagic)
rCold   . . .      Faith    .   (no shield)
rNeg    . . .      Spirit   .   r - +1 animal skin "Juefro" {Will+ Str-2 Int+3 Stlth+}
rPois   +          Reflect  .   v - +0 hat of the Depths {rPois}
rElec   +          Harm     .   q - +0 cloak
rCorr   .          Rampage  .   (no gloves)
Will    +....      NoTele   +   (no boots)
Stlth   +++.......              n - amulet of Moh Ung {Fly rC- Regen+ Int+3 Slay+3}
HPRegen 1.04/turn               m - ring of Rezaipsa {rElec rC+ EV+4 Str+3 Int+2}
MPRegen 0.08/turn               o - ring of Hoku {rF+ Str+6 Int+3}

@: lethally poisoned (-1 -> -1), on berserk cooldown, flying, hasted and slowed,
constricted
A: horns 2, retaliatory headbutt
}: 1/15 runes: decaying
a: Renounce Religion, Berserk, Trog's Hand, Brothers in Arms


You were in the Dungeon.
You worshipped Trog.
Trog was extremely pleased with you.
You visited 1 branch You collected 850 gold pieces.
You spent 689 gold pieces at shops.

Inventory:

Hand Weapons
 a - a +0 hand axe
 s - a +5 antimagic broad axe (weapon)
Armour
 b - a +0 animal skin
 p - a +0 ring mail
 q - a +0 cloak (worn)
 r - the +1 animal skin "Juefro" (worn) {Will+ Str-2 Int+3 Stlth+}
   (You bought it in a shop in the Dungeon)

   Str:       It affects your strength (-2).
   Int:       It affects your intelligence (+3).
   Will:      It increases your willpower.
   Stlth:     It makes you more stealthy.
 v - the +0 hat of the Depths (worn) {rPois}
   (You bought it in a shop in the Dungeon)

   rPois:     It protects you from poison.
Jewellery
 m - the ring of Rezaipsa (left hand) {rElec rC+ EV+4 Str+3 Int+2}
   (You bought it in a shop in the Dungeon)

   [ring of evasion]

   EV:        It affects your evasion (+4).
   Str:       It affects your strength (+3).
   Int:       It affects your intelligence (+2).
   rC:        It protects you from cold.
   rElec:     It insulates you from electricity.
 n - the amulet of Moh Ung (around neck) {Fly rC- Regen+ Int+3 Slay+3}
   (You bought it in a shop in the Dungeon)

   [amulet of regeneration]

   Int:       It affects your intelligence (+3).
   Slay:      It affects your accuracy & damage with ranged weapons and melee
   (+3).
   rC:        It makes you vulnerable to cold.
   Fly:       It grants you flight.
   Regen:     It increases your rate of health regeneration.
 o - the ring of Hoku (right hand) {rF+ Str+6 Int+3}
   (You bought it in a shop in the Dungeon)

   [ring of strength]

   Str:       It affects your strength (+6).
   Int:       It affects your intelligence (+3).
   rF:        It protects you from fire.
Wands
 j - a wand of acid (5)
 k - a wand of iceblast (5)
Scrolls
 h - 3 scrolls of blinking
 l - 3 scrolls of fog
Potions
 c - a potion of curing
 d - a potion of heal wounds
 e - 2 potions of haste
 f - 2 potions of magic
 g - a potion of berserk rage
 i - a potion of resistance
 t - a potion of experience
Miscellaneous
 u - a piece from Xom's chessboard (15/15)


   Skills:
 + Level 13.2 Fighting
 + Level 15.3 Axes
 + Level 8.5 Armour
 + Level 9.1 Dodging
 + Level 1.4 Stealth


You had 7 spell levels left.
You didn't know any spells.
Your spell library was empty.

Dungeon Overview and Level Annotations

Branches:
Dungeon (1/1)

Altars:
Cheibriados
Dithmenos
Fedhas
Gozag
Kikubaaqudgha
Makhleb
Okawaru
Qazlal
Ru
Sif Muna
Trog
Uskayaw
Vehumet
Wu Jian
Xom
Yredelemnul
Zin
The Shining One
Beogh
Lugonu

Shops:
D *[??*?*:[((!!!!


Innate Abilities, Weirdness & Mutations

You have a pair of horns on your head.
You reflexively headbutt those who attack you in melee.


Message History

The anaconda misses you.
The anaconda bites you but does no damage.
Your Fighting skill increases to level 13!
Your Axes skill increases to level 15!
Your Dodging skill increases to level 9!
You miss the anaconda.
The anaconda is lightly wounded.
You feel sick.
The anaconda misses you. x2; The anaconda closely misses you.
You furiously retaliate!
You headbutt the anaconda! The anaconda closely misses you.
You hit the anaconda.
The anaconda is heavily wounded.
You feel sick. The salamander completely misses you. The anaconda grabs you.
The anaconda bites you but does no damage.
The anaconda constricts you.
You closely miss the anaconda.
The anaconda is heavily wounded.
You feel sick. The anaconda completely misses you. The anaconda constricts you.
The salamander hits you but does no damage.
The anaconda closely misses you. You furiously retaliate!
You headbutt the anaconda. The anaconda constricts you.
You closely miss the anaconda.
The anaconda is heavily wounded.
You feel sick.
The anaconda bites you but does no damage.
The anaconda constricts you. The salamander barely misses you.
You slice the anaconda!! Your headbutt misses the anaconda.
The anaconda is almost dead.
You feel sick. The anaconda bites you! The anaconda constricts you.
* * * LOW HITPOINT WARNING * * *
The salamander hits you from afar with a +0 halberd!
* * * LOW HITPOINT WARNING * * *
You are engulfed in flames!
You resist.
* * * LOW HITPOINT WARNING * * *
The anaconda misses you. The anaconda constricts you.
* * * LOW HITPOINT WARNING * * *
A naga comes into view. It is wielding a +0 battleaxe.
The anaconda's grasp on you weakens, but your attempt to escape fails.
You feel sick. The anaconda bites you.
You die...

##.....## ##∩.....∩##
#∩.......∩# #_..)...._#
#_......._# #_........#
###.........### #⌠...........⌠#
######.8...).@...8.######
##.___......###S......__∩##
###∩.....N..8.# #N8....)...∩###
#...........[)###.............##
⌠.........)###...###..........⌠#
⌠..........# #.<.# #...)......⌠#
⌠..........###...###..........⌠#
#.............###.............##
###∩........8.# #.8........∩###


You could see a salamander, an anaconda and a naga (wandering).

Vanquished Creatures
  A wizard (D)
  A black mamba (D)
  Sigmund (D)
  2 nagas (D)
  A wolf (D)
  6 vampire bats (D)
  A hound (D)
  Terence (D)
  4 gnolls (D)
  4 adders (D)
  An endoplasm (D)
  A goblin (D)
  A quokka (D)
  2 ball pythons (D)
27 creatures vanquished.

Notes
Turn   | Place    | Note
-------+----------+-------------------------------------------
     0 | D        | boopmooplesden the Minotaur Berserker began the quest for
                  | the Orb.
     0 | D        | Reached XP level 1. HP: 19/19 MP: 0/0
     0 | D        | Found a shimmering altar of Xom.
     0 | D        | Found a burning altar of Makhleb.
     3 | D        | Found a bloodstained altar of Trog.
     3 | D        | Found a stormy altar of Qazlal.
     4 | D        | Found a snail-covered altar of Cheibriados.
     4 | D        | Found a sacrificial altar of Ru.
     5 | D        | Found a blossoming altar of Fedhas.
     5 | D        | Round 1.
     6 | D        | Found a glowing silver altar of Zin.
     6 | D        | Found Aboufam's Identification Station.
     7 | D        | Found Moumaunt's Jewellery.
     7 | D        | Found Tebbue's Advanced Armour.
    15 | D        | Bought a wavering amber ring for 45 gold pieces
    15 | D        | Identified the ring of Rezaipsa {rElec rC+ EV+4 Str+3
                  | Int+2} (You bought it in a shop in the Dungeon)
    15 | D        | Bought a brightly glowing ivory amulet for 45 gold pieces
    15 | D        | Identified the amulet of Moh Ung {Fly rC- Regen+ Int+3
                  | Slay+3} (You bought it in a shop in the Dungeon)
    15 | D        | Bought a slimy bronze ring for 45 gold pieces
    15 | D        | Identified the ring of Hoku {rF+ Str+6 Int+3} (You bought
                  | it in a shop in the Dungeon)
   126 | D        | Noticed Sigmund
   133 | D        | Noticed Terence
   137 | D        | Reached skill level 4 in Axes
   138 | D        | HP: 1/20 [endoplasm (1)]
   143 | D        | Killed Terence
   143 | D        | HP: 1/20 [something (12)]
   144 | D        | Reached skill level 5 in Fighting
   144 | D        | Reached skill level 5 in Axes
   144 | D        | Reached XP level 2. HP: 2/30 MP: 1/1
   146 | D        | Reached ** piety under Trog
   147 | D        | Reached XP level 3. HP: 24/37 MP: 2/2
   151 | D        | Killed Sigmund
   151 | D        | Arena points: 12 (+12) [x2]
   152 | D        | Reached skill level 9 in Axes
   152 | D        | Reached XP level 4. HP: 21/50 MP: 3/3
   152 | D        | Reached XP level 5. HP: 24/57 MP: 4/4
   197 | D        | Found an opulent altar of Gozag.
   197 | D        | Found an iron altar of Okawaru.
   198 | D        | Found a shimmering blue altar of Sif Muna.
   198 | D        | Found an ornate altar of the Wu Jian Council.
   199 | D        | Found a basalt altar of Yredelemnul.
   199 | D        | Found Doarraly's Weapon Rack.
   199 | D        | Found Lila's Premium Goods.
   200 | D        | Found Imumez's Basic Armour.
   200 | D        | Found Fiukhli's Miscellaneous Merchandise.
   208 | D        | Bought a +0 cloak for 54 gold pieces
   208 | D        | Round 2.
   227 | D        | Found a radiant altar of Vehumet.
   227 | D        | Found a corrupted altar of Lugonu.
   228 | D        | Found a glowing golden altar of the Shining One.
   228 | D        | Found a hide-covered altar of Uskayaw.
   229 | D        | Found an ancient bone altar of Kikubaaqudgha.
   229 | D        | Found Luguepnu's Staff Store.
   229 | D        | Found Tikhlask's Magic Scroll Shop.
   230 | D        | Found Boyrph's Must-Have Magic.
   230 | D        | Found Ahaoci's Magic Scroll Shop.
   247 | D        | Reached *** piety under Trog
   254 | D        | Found Zixuso's Distillery.
   255 | D        | Found Fuqaepn's Distillery.
   255 | D        | Found Isehuebo's Bottled Wisdom.
   255 | D        | Found a shadowy altar of Dithmenos.
   255 | D        | Found Risheuts's Do-It-Yourself Clinic.
   295 | D        | Reached skill level 5 in Armour
   348 | D        | Reached **** piety under Trog
   348 | D        | Arena points: 54 (+42) [x3]
   394 | D        | Round 3.
   398 | D        | Noticed a wolf
   402 | D        | Killed a wolf
   403 | D        | Reached skill level 10 in Fighting
   403 | D        | Reached skill level 10 in Axes
   403 | D        | Reached skill level 5 in Dodging
   403 | D        | Reached XP level 6. HP: 66/66 MP: 5/5
   490 | D        | Reached skill level 11 in Axes
   557 | D        | Reached ***** piety under Trog
   557 | D        | Arena points: 138 (+84) [x4]
   581 | D        | Bought an encrusted animal skin for 185 gold pieces
   581 | D        | Identified the +1 animal skin "Juefro" {Will+ Str-2 Int+3
                  | Stlth+} (You bought it in a shop in the Dungeon)
   594 | D        | Round 4.
   653 | D        | Reached skill level 12 in Axes
   653 | D        | Reached XP level 7. HP: 71/74 MP: 6/6
   665 | D        | Received a gift from Trog
   694 | D        | Arena points: 278 (+140) [x5]
   747 | D        | Round 5.
   752 | D        | Noticed a witch
   759 | D        | Noticed a four-headed hydra
   764 | D        | Killed a witch
   764 | D        | Arena points: 558 (+280) [x7]
   765 | D        | Reached skill level 14 in Axes
   765 | D        | Reached XP level 8. HP: 65/85 MP: 2/7
   767 | D        | Got a decaying rune of Zot
   782 | D        | Bought a fine hat for 315 gold pieces
   782 | D        | Identified the +0 hat of the Depths {rPois} (You bought it
                  | in a shop in the Dungeon)
   953 | D        | Round 6.
   960 | D        | Noticed a salamander
   965 | D        | Noticed an anaconda
   971 | D        | Noticed a black mamba
   973 | D        | Reached skill level 1 in Stealth
   977 | D        | Killed a black mamba
   978 | D        | Reached skill level 15 in Axes
   983 | D        | Slain by an anaconda

Illustrated notes

Levels and vault maps discovered:
D:        arena_sprint

Skill      XL: |  1  2  3  4  5  6  7  8 |
---------------+-------------------------+-----
Fighting       | 5 9 10 11 12 13 | 13.2
Axes           | 5 9 10 12 14 15 | 15.3
Armour         | 3 4 5 6 7 8 |  8.5
Dodging        | 3 4 5 6 8 9 |  9.1
Stealth        | 1 |  1.4

Action                   |  1- 3 |  4- 6 |  7- 9 || total
-------------------------+-------+-------+-------++-------
Melee: Hand axe          |     9 |    39 |       ||    48
       Headbutt          |     3 |     6 |     6 ||    15
       Broad axe         |       |       |    23 ||    23
       Punch             |       |       |     1 ||     1
Invok: Berserk           |     1 |       |     2 ||     3
  Use: Potion            |     3 |       |     2 ||     5
       Scroll            |       |       |     1 ||     1
Armor: Ring mail         |       |     6 |       ||     6
       Animal skin       |       |     1 |     7 ||     8
Dodge: Dodged            |    14 |    38 |    39 ||    91
